 Dungeon Crawl Stone Soup version 0.26-a0-652-gafc20e3620 (webtiles) character file.

Game seed: 1718188601930410370

103799 MrRokkomies the Devastator (level 15, -2/96 HPs)
             Began as a Deep Elf Ice Elementalist on Oct 1, 2020.
             Was the Champion of Vehumet.
             Slain by a tentacle (5 damage)
             ... attached to a kraken
             ... on level 1 of the Shoals.
             The game lasted 01:25:30 (42772 turns).

MrRokkomies the Devastator (DEIE)                  Turns: 42772, Time: 01:25:31

Health: -2/96      AC: 19    Str: 11    XL:     15   Next: 90%
Magic:  2/34       EV: 12    Int: 27    God:    Vehumet [******]
Gold:   1178       SH:  0    Dex: 15    Spells: 11/40 levels left

rFire    . . .     SeeInvis .   a - +10 spear "Dragonbane" {flame, MR+}
rCold    + . .     Faith    +   (no shield)
rNeg     . . .     Spirit   .   Z - +0 acid dragon scales
rPois    +         Reflect  .   q - +2 helmet
rElec    .         Harm     .   r - +2 cloak
rCorr    +         Rampage  +   P - +1 pair of gloves
MR       ++...                  N - +0 pair of boots {rampage}
Stlth    ++........             B - amulet of faith
HPRegen  0.26/turn              x - ring of protection from cold
MPRegen  0.24/turn              m - ring "Fasoy" {+Inv rPois Str+6}

@: studying Ice Magic
A: no striking features
a: Renounce Religion, Evoke Invisibility


You were on level 1 of the Shoals.
You worshipped Vehumet.
Vehumet was exalted by your worship.
You visited 5 branches of the dungeon, and saw 25 of its levels.
You also visited: Sewer, Ossuary and Ice Cave.

You collected 3460 gold pieces.
You spent 2282 gold pieces at shops.

Inventory:

Hand Weapons
 a - the +10 spear "Dragonbane" (weapon) {flame, MR+}
   (You bought it in a shop on level 9 of the Dungeon)

   It has been specially enchanted to burn those struck by it, causing extra
   injury to most foes and up to half again as much damage against particularly
   susceptible opponents.
   It affects your resistance to hostile enchantments.
Missiles
 u - 78 poisoned darts (quivered)
 C - 3 throwing nets
Armour
 q - a +2 helmet (worn)
 r - a +2 cloak (worn)
 N - a +0 pair of boots of rampaging (worn)
 P - a +1 pair of gloves (worn)
 Z - +0 acid dragon scales (worn)
Jewellery
 e - an uncursed ring of see invisible
 f - an uncursed ring of protection from magic
 k - an uncursed ring of flight
 m - the ring "Fasoy" (right hand) {+Inv rPois Str+6}
   (You found it in an ice cave)

   [ring of strength]

   It affects your strength (+6).
   It protects you from poison.
   It lets you turn invisible.
 x - a ring of protection from cold (left hand)
 B - an amulet of faith (around neck)
 O - an uncursed ring of positive energy
Wands
 n - a wand of iceblast (33)
 t - a wand of paralysis (16)
 y - a wand of polymorph (9)
 D - a wand of acid (10)
 J - a wand of enslavement (9)
 S - a wand of disintegration (25)
 T - a wand of random effects (14)
 U - a wand of flame (29)
 V - a wand of digging (6)
Scrolls
 c - 11 scrolls of remove curse
 g - 20 scrolls of identify
 i - 6 scrolls of enchant armour
 j - 14 scrolls of teleportation
 w - 6 scrolls of fog
 E - a scroll of immolation
 K - 4 scrolls of magic mapping
 R - 3 scrolls of enchant weapon
Potions
 d - 3 potions of ambrosia
 h - 2 potions of magic
 l - 4 potions of might
 p - 7 potions of flight
 s - 15 potions of curing
 v - 4 potions of mutation
 z - 2 potions of lignification
 H - a potion of cancellation
 I - 4 potions of brilliance
 M - 3 potions of stabbing
 Q - a potion of haste
 W - a potion of invisibility
Books
 b - a manual of Ice Magic
Miscellaneous
 G - a condenser vane (inert)


   Skills:
 - Level 12.0 Fighting
 + Level 10.8 Armour
 - Level 2.4 Dodging
 - Level 2.4 Stealth
 * Level 13.4 Spellcasting
 - Level 15.0 Conjurations
 - Level 5.0 Summonings
 - Level 12.0 Ice Magic
 - Level 8.0 Earth Magic


You had 11 spell levels left.
You knew the following spells:

 Your Spells              Type           Power        Failure   Level
a - Freeze                Ice            ####         1%          1
c - Ozocubu's Armour      Ice            ######..     1%          3
d - Summon Ice Beast      Ice/Summ       ######..     1%          4
e - Freezing Cloud        Conj/Ice/Air   ######....   4%          6
f - Searing Ray           Conj           ######       0%          2
g - Orb of Destruction    Conj           #######...   2%          7
h - Iron Shot             Conj/Erth      ######....   1%          6

Your spell library contained the following spells:

 Spells                   Type           Power        Failure   Level
 Lehudib's Crystal Spear  Conj/Erth      ######....   50%         8
 Sandblast                Erth           ######       1%          1
 Ensorcelled Hibernation  Hex/Ice        ######       1%          2
 Passwall                 Tmut/Erth      #####...     1%          2
 Dazzling Flash           Conj/Hex       ######       1%          3
 Frozen Ramparts          Ice            ######       1%          3
 Mephitic Cloud           Conj/Pois/Air  #####...     1%          3
 Static Discharge         Conj/Air       ######..     1%          3
 Stone Arrow              Conj/Erth      ######       1%          3
 Hailstorm                Conj/Ice       ######..     1%          4
 Bolt of Magma            Conj/Fire/Erth ######....   1%          5
 Iskenderun's Battlesphe  Conj           #######.     1%          5
 Lee's Rapid Deconstruct  Erth           ######....   1%          5
 Ignite Poison            Fire/Tmut/Pois ###.....     3%          3
 Corona                   Hex            ###....      4%          1
 Sting                    Tmut/Pois      ###.         4%          1
 Corpse Rot               Necr/Air       N/A          6%          2
 Poisonous Vapours        Pois/Air       ###...       6%          2
 Sublimation of Blood     Necr           ###.......   6%          2
 Leda's Liquefaction      Hex/Erth       #####.....   9%          4
 Petrify                  Tmut/Erth      #####...     9%          4
 Airstrike                Air            ###.......   11%         4
 Olgreb's Toxic Radiance  Pois           ###.....     11%         4
 Confusing Touch          Hex            ###.....     13%         3
 Tukima's Dance           Hex            ###.....     13%         3
 Spellforged Servitor     Conj/Summ      ######....   16%         7
 Dispel Undead            Necr           ###.....     38%         4
 Agony                    Necr           ###.....     75%         5
 Excruciating Wounds      Necr           ###.......   75%         5
 Statue Form              Tmut/Erth      #####....    77%         6
 Monstrous Menagerie      Summ           #####.....   99%         7
 Summon Greater Demon     Summ           #####.....   99%         7
 Malign Gateway           Summ/Tloc      ####......   100%        7
 Summon Horrible Things   Summ           #####.....   100%        8
 Shatter                  Erth           ######....   100%        9


Dungeon Overview and Level Annotations

Branches:
Dungeon (15/15)            Temple (1/1) D:6            Lair (6/6) D:10
 Shoals (1/4) Lair:3       Spider (0/4) Lair:3        Slime (0/5) Lair:6
    Orc (2/2) D:12            Elf (0/3) Orc:2        Vaults (0/5) D:13
 Depths (0/5) D:15          Sewer (visited)         Ossuary (visited)
  IceCv (visited)

Altars:
Cheibriados
Dithmenos
Elyvilon
Fedhas
Gozag
Hepliaklqana
Kikubaaqudgha
Makhleb
Nemelex Xobeh
Okawaru
Qazlal
Ru
Sif Muna
Trog
Uskayaw
Vehumet
Wu Jian
Xom
Yredelemnul
Zin
The Shining One
Jiyva

Shops:
D:9 :(?*   Orc:2 *[[(

Annotations:
D:6 2 runed translucent doors, Thargor's ghost, amateur FoEE
D:14 2 runed translucent doors
D:15 3 runed translucent doors, Turtleman12345's ghost, journeyman VSFi
Lair:6 1 runed translucent door
Shoals:1 2 transporters, Mosol's ghost, journeyman TrBr


Message History

Unknown command.
Unknown command.
You feel much better.
The kraken is engulfed in freezing vapours.
The kraken seems to slow down.
The tentacle slaps you! The tentacle slaps you.
* * * LOW HITPOINT WARNING * * *
The kraken is engulfed in freezing vapours.
The kraken seems to slow down.
Unknown command.
Unknown command.
Okay, then.
Evoke which item? (* to show all) (? for menu, Esc to quit)
Clouds of freezing vapour condense around you!
The condenser dries out!
The tentacle is engulfed in freezing vapours.
The tentacle slaps you!!
* * * LOW HITPOINT WARNING * * *
The tentacle is engulfed in freezing vapours.
The tentacle slaps you.
You die...

≈≈≈≈≈≈≈≈≈≈≈..........##
≈≈≈≈≈≈≈≈...............
.≈≈...≈≈≈≈..............
.≈≈≈..§§§§≈≈≈≈..........
.≈≈≈..§§X§.^............
≈≈≈≈│.§││§..............
≈≈≈≈.#.││§..............
≈≈≈≈...§w>.......≈......
≈≈.....@w§........≈≈≈≈≈≈
≈......§§§........≈≈≈≈≈≈
≈..≈≈≈≈..≈≈......≈≈≈≈≈≈≈
≈≈≈≈≈≈≈≈.≈≈≈≈..≈≈≈≈≈≈≈≈≈
≈≈≈≈≈≈≈≈≈≈≈≈≈≈≈≈≈≈≈≈≈≈≈≈
≈≈≈≈≈≈≈≈≈≈≈≈≈≈≈≈≈≈≈≈≈≈≈≈
≈≈≈≈≈≈≈≈≈≈≈≈≈≈≈≈
≈≈≈≈≈≈≈≈≈≈≈≈≈≈≈


You could see a kraken (slow) and 2 tentacles.

Vanquished Creatures
  Jorgrun (Orc:1)
  Frances (D:13)
  A stone giant (Orc:2)
  2 ogre magi
  3 merfolk impalers (Shoals:1)
  A fire dragon (Lair:6)
  A rakshasa (D:13)
  2 hydras
  Erolcha (D:13)
  5 vault guards (D:13)
  A merfolk aquamancer (Shoals:1)
  2 centaur warriors
  8 two-headed ogres
  A tengu warrior (D:13)
  5 orc high priests (Orc:2)
  A fire crab (shapeshifter) (D:13)
  5 skeletal warriors (D:14)
  4 sea snakes (Shoals:1)
  2 unseen horrors (D:10)
  3 wizards (D:15)
  A lindwurm (Lair:6)
  10 harpies (Shoals:1)
  10 orc knights
  16 ugly things
  A deep elf mage (D:14)
  2 orc sorcerers
  An oklob plant (Lair:5)
  4 manticores (Shoals:1)
  4 cyclopes
  4 elephants (Lair:5)
  2 water nymphs (Shoals:1)
  3 black mambas
  2 molten gargoyles (Lair:6)
  Maggie (D:9)
  A naga mage (D:15)
  3 ice statues (IceCv)
  A gargoyle (D:13)
  10 cane toads
  2 rime drakes (Lair:5)
  A yaktaur (D:13)
  6 komodo dragons
  A tengu conjurer (D:13)
  5 merfolk (Shoals:1)
  2 wind drakes (Shoals:1)
  8 trolls
  A polar bear (Lair:6)
  5 blink frogs (Lair:3)
  9 hippogriffs
  2 snapping turtles
  12 dream sheep
  2 shadows
  6 wraiths
  27 yaks
  A vampire (D:13)
  2 water elementals (Shoals:1)
  5 wyverns
  3 basilisks (Lair:6)
  6 humans
  A steam dragon (Lair:6)
  A warg (Orc:1)
  3 vampire mosquitoes (D:13)
  3 acid dragons
  A soldier ant (D:12)
  6 water moccasins
  5 hell hounds (Lair:6)
  9 porcupines
  2 sky beasts (D:12)
  13 ogres
  7 ice beasts
  A necrophage (D:9)
  3 black bears
  40 orc warriors
  4 phantoms
  7 crocodiles
  13 centaurs
  5 bullfrogs
  6 elf zombies (Ossuary)
  3 big kobolds
  A gnoll sergeant (D:6)
  A wyvern zombie (D:14)
  2 scorpions
  9 wights
  16 killer bees
  6 howler monkeys
  5 lava snakes (Lair:6)
  4 bullfrog zombies
  A quasit (D:10)
  3 jellies
  39 orc priests
  6 centaur zombies
  3 centaur skeletons
  A bullfrog skeleton (D:9)
  9 hounds
  4 iguanas
  A gnoll shaman (D:6)
  A human zombie (Ossuary)
  35 orc wizards
  8 worker ants
  4 mummies
  2 worker ant zombies (D:11)
  16 gnolls
  A howler monkey skeleton (D:6)
  13 adders
  3 shadow imps
  A white imp (D:5)
  An ufetubus (D:5)
  An ooze (D:1)
  2 adder skeletons
  3 worms
  2 dart slugs
  10 leopard geckos
  103 orcs
  A ball python (D:5)
  8 giant cockroaches
  11 goblins
  7 hobgoblins
  12 jackals
  3 quokkas
  12 bats
  4 frilled lizards
  A jackal zombie (D:5)
  27 kobolds
  A kobold zombie (D:4)
  An orc zombie (D:4)
  2 quokka zombies
  13 rats
785 creatures vanquished.

Vanquished Creatures (collateral kills)
  A hydra (Lair:6)
  A catoblepas (Lair:4)
  2 two-headed ogres (D:9)
  An orc knight (Orc:2)
  An ugly thing (IceCv)
  A black mamba (Lair:1)
  A molten gargoyle (Lair:6)
  A cane toad (Lair:1)
  5 komodo dragons
  A rime drake (Lair:1)
  An efreet (D:12)
  A troll (Orc:2)
  Grinder (D:6)
  2 dream sheep
  A yak (Lair:1)
  2 basilisks
  A wyvern (Lair:6)
  2 steam dragons (D:6)
  4 orc warriors
  2 ice beasts
  A bullfrog (D:12)
  7 wights
  A hound (D:8)
  An orc priest (Orc:2)
  3 orcs
45 creatures vanquished.

Vanquished Creatures (others)
  An acid dragon (D:14)
  A sky beast (D:14)
  A white imp (D:8)
  A bush (Lair:5)
  17 fungi
  28 plants
  5 tentacles (Shoals:1)
54 creatures vanquished.

Grand Total: 884 creatures vanquished

Notes
Turn   | Place    | Note
-------+----------+-------------------------------------------
     0 | D:1      | MrRokkomies the Deep Elf Ice Elementalist began the quest
                  | for the Orb.
     0 | D:1      | Reached XP level 1. HP: 10/10 MP: 6/6
   229 | D:1      | Reached XP level 2. HP: 8/15 MP: 5/8
   976 | D:1      | Reached XP level 3. HP: 20/20 MP: 8/10
  1597 | D:2      | Found a bloodstained altar of Trog.
  1976 | D:2      | Reached skill level 1 in Fighting
  1987 | D:2      | Found a white marble altar of Elyvilon.
  2007 | D:2      | Reached skill level 5 in Ice Magic
  2257 | D:2      | Learned a level 3 spell: Frozen Ramparts
  2261 | D:2      | Learned a level 3 spell: Ozocubu's Armour
  2337 | D:2      | Reached XP level 4. HP: 25/25 MP: 8/12
  2436 | D:2      | Reached skill level 1 in Armour
  3243 | D:2      | Learned a level 4 spell: Summon Ice Beast
  3325 | D:3      | Reached XP level 5. HP: 24/29 MP: 11/14
  3475 | D:3      | Reached skill level 5 in Spellcasting
  3875 | D:3      | Found a blossoming altar of Fedhas.
  4086 | D:3      | Found a glowing silver altar of Zin.
  4210 | D:4      | Noticed an ogre
  4218 | D:4      | Killed an ogre
  4218 | D:4      | Reached XP level 6. HP: 35/35 MP: 8/16
  4546 | D:4      | Found a glowing drain.
  4558 | Sewer    | Entered a sewer
  4703 | Sewer    | Found a white marble altar of Elyvilon.
  4799 | D:4      | Found a sand-covered staircase.
  4808 | Ossuary  | Entered an ossuary
  4962 | Ossuary  | Reached skill level 1 in Summonings
  4962 | Ossuary  | Reached XP level 7. HP: 21/40 MP: 9/18
  5381 | Ossuary  | Reached XP level 8. HP: 30/45 MP: 2/19
  5886 | D:5      | Entered Level 5 of the Dungeon
  6118 | D:5      | Found a snail-covered altar of Cheibriados.
  6359 | D:5      | Learned a level 4 spell: Hailstorm
  6422 | D:5      | Found a burning altar of Makhleb.
  7080 | D:5      | Found an opulent altar of Gozag.
  7080 | D:5      | Found a glowing silver altar of Zin.
  7283 | D:6      | Reached skill level 5 in Summonings
  7549 | D:6      | Noticed Grinder
  7567 | D:6      | Killed Grinder
  7568 | D:6      | Reached XP level 9. HP: 43/52 MP: 1/20
  7762 | D:6      | Found a staircase to the Ecumenical Temple.
  7789 | Temple   | Entered the Ecumenical Temple
  7978 | Temple   | Became a worshipper of Vehumet
  8131 | D:6      | Found a large runed translucent door.
  8132 | D:6      | Found a large runed translucent door.
  8145 | D:6      | Noticed Thargor's ghost (amateur FoEE)
  8648 | D:6      | Reached skill level 10 in Ice Magic
  8654 | D:6      | Reached * piety under Vehumet
  8654 | D:6      | Offered knowledge of Sandblast by Vehumet.
  8658 | D:6      | Reached skill level 5 in Fighting
  8658 | D:6      | Reached skill level 5 in Armour
  9219 | D:7      | Found a radiant altar of Vehumet.
 10057 | D:8      | Reached XP level 10. HP: 59/59 MP: 6/21
 10821 | D:8      | Reached ** piety under Vehumet
 10829 | D:8      | Offered knowledge of Searing Ray by Vehumet.
 10841 | D:8      | Learned a level 2 spell: Searing Ray
 10881 | D:8      | You fall into a shaft and drop 2 floors!
 10881 | D:10     | Entered Level 10 of the Dungeon
 10890 | D:10     | Found a staircase to the Lair.
 11099 | D:10     | Reached skill level 1 in Conjurations
 11297 | D:10     | Reached skill level 2 in Conjurations
 11644 | D:10     | Noticed an unseen horror
 11652 | D:10     | Killed an unseen horror
 11652 | D:10     | Reached skill level 3 in Conjurations
 11799 | D:10     | Offered knowledge of Inner Flame by Vehumet.
 12297 | D:10     | Noticed an unseen horror
 12308 | D:10     | Killed an unseen horror
 12308 | D:10     | Reached skill level 4 in Conjurations
 12596 | D:10     | Reached *** piety under Vehumet
 12886 | D:9      | Noticed a two-headed ogre
 12949 | D:9      | Found a sacrificial altar of Ru.
 13122 | D:9      | Found Vijameus's Antique Weapon Shoppe.
 13150 | D:9      | Found a hazy altar of Hepliaklqana.
 13150 | D:9      | Noticed a two-headed ogre
 13160 | D:9      | Killed a two-headed ogre
 13267 | D:9      | Reached skill level 5 in Conjurations
 13322 | D:9      | Found Hogoixte's Assorted Antiques.
 13330 | D:9      | Bought an embroidered robe for 99 gold pieces
 13330 | D:9      | Bought an ivory spear for 216 gold pieces
 13330 | D:9      | Bought a potion of heal wounds for 135 gold pieces
 13330 | D:9      | Bought a scroll labeled BABLEIHOEV for 27 gold pieces
 13330 | D:9      | Identified the +10 spear "Dragonbane" {flame, MR+} (You
                  | bought it in a shop on level 9 of the Dungeon)
 13505 | D:9      | Noticed Maggie
 13709 | D:9      | Killed Maggie
 13709 | D:9      | Reached XP level 11. HP: 59/64 MP: 2/23
 14160 | D:9      | Found Jora's Magic Scroll Boutique.
 14534 | D:9      | Found Corycod's Book Emporium.
 14540 | D:9      | Offered knowledge of Conjure Flame by Vehumet.
 14649 | D:9      | Killed a two-headed ogre
 15184 | D:11     | Learned a level 7 spell: Orb of Destruction
 15276 | D:11     | Reached skill level 6 in Conjurations
 15349 | D:11     | Found a stormy altar of Qazlal.
 15919 | D:12     | Reached **** piety under Vehumet
 16030 | D:12     | Offered knowledge of Iskenderun's Mystic Blast by Vehumet.
 16483 | D:12     | Reached skill level 7 in Conjurations
 16854 | D:12     | Found a staircase to the Orcish Mines.
 16927 | D:12     | Reached ***** piety under Vehumet
 17055 | D:12     | Offered knowledge of Yara's Violent Unravelling by Vehumet.
 17316 | D:12     | Noticed a two-headed ogre
 17385 | D:12     | Killed a two-headed ogre
 17639 | D:12     | Found a sacrificial altar of Ru.
 17805 | D:12     | Reached skill level 10 in Spellcasting
 17875 | D:12     | Reached skill level 8 in Conjurations
 18154 | Orc:1    | Entered Level 1 of the Orcish Mines
 18178 | Orc:1    | Noticed an orc knight
 18433 | Lair:1   | Entered Level 1 of the Lair of Beasts
 18764 | Lair:1   | Reached XP level 12. HP: 70/72 MP: 28/28
 19236 | Lair:1   | Reached skill level 9 in Conjurations
 20457 | Lair:2   | Identified a scroll of acquirement
 20457 | Lair:2   | Acquired the ring "Biuhesk" {rPois Str+3}
 21103 | Lair:3   | Found a hole to the Spider Nest.
 21952 | Lair:3   | Reached skill level 10 in Conjurations
 22146 | Lair:3   | Found a staircase to the Shoals.
 22591 | Lair:4   | Noticed a catoblepas
 22611 | Lair:4   | Killed a catoblepas
 23389 | Lair:5   | Found a frozen archway.
 23398 | IceCv    | Entered an ice cave
 23985 | IceCv    | Got a coiled copper ring
 23997 | IceCv    | Identified Xecsinn's Catalogue of the Birds
 23999 | IceCv    | Identified the ring "Fasoy" {+Inv rPois Str+6} (You found
                  | it in an ice cave)
 24058 | Lair:5   | Learned a level 6 spell: Iron Shot
 24359 | Lair:5   | Reached skill level 11 in Conjurations
 24495 | Lair:5   | Reached skill level 1 in Earth Magic
 24495 | Lair:5   | Reached XP level 13. HP: 73/80 MP: 23/29
 25035 | Lair:5   | Offered knowledge of Fireball by Vehumet.
 25478 | Lair:6   | Entered Level 6 of the Lair of Beasts
 26104 | Lair:6   | Found a runed translucent door.
 26105 | Lair:6   | Found a viscous altar of Jiyva.
 26105 | Lair:6   | Found a staircase to the Slime Pits.
 26762 | Lair:6   | Reached skill level 12 in Conjurations
 27021 | Lair:6   | Noticed a fire dragon
 27022 | Lair:6   | Found a large runed translucent door.
 27188 | Lair:6   | Found a large runed translucent door.
 27198 | Lair:6   | Offered knowledge of Lightning Bolt by Vehumet.
 27198 | Lair:6   | Reached skill level 10 in Fighting
 27622 | Lair:6   | Killed a fire dragon
 28540 | D:9      | Bought a scroll of acquirement for 780 gold pieces
 28540 | D:9      | Acquired 1261 gold pieces
 28656 | Orc:2    | Entered Level 2 of the Orcish Mines
 29121 | Orc:1    | Noticed Jorgrun
 29129 | Orc:1    | Killed Jorgrun
 29540 | Orc:2    | Noticed a stone giant
 29557 | Orc:2    | Killed a stone giant
 29762 | Orc:2    | Found a staircase to the Elven Halls.
 30121 | Orc:2    | Reached XP level 14. HP: 32/88 MP: 30/30
 30683 | Orc:2    | Reached skill level 5 in Earth Magic
 30853 | Orc:2    | Offered knowledge of Freezing Cloud by Vehumet.
 31122 | Orc:2    | Reached skill level 13 in Conjurations
 33034 | Orc:2    | Found Yriun's Antique Armour Emporium.
 33034 | Orc:2    | Found Liqog's Assorted Antiques.
 33035 | Orc:2    | Found Zugogol's Antique Weapon Emporium.
 33035 | Orc:2    | Found Zuhaim's Antique Armour Shoppe.
 33045 | Orc:2    | Bought a pair of embroidered boots for 180 gold pieces
 33249 | D:9      | Bought a book of the Earth for 845 gold pieces
 33412 | D:13     | Found a shadowy altar of Dithmenos.
 33412 | D:13     | Noticed Frances
 33452 | D:13     | Killed Frances
 33702 | D:12     | Learned a level 6 spell: Freezing Cloud
 34500 | D:13     | Noticed Erolcha
 34503 | D:13     | Killed Erolcha
 34813 | D:13     | Reached ****** piety under Vehumet
 34983 | D:13     | Offered knowledge of Irradiate by Vehumet.
 35182 | D:13     | Found a hide-covered altar of Uskayaw.
 35321 | D:13     | Reached skill level 14 in Conjurations
 35893 | D:13     | Found a gate to the Vaults.
 36627 | D:14     | Found a shimmering altar of Xom.
 37250 | D:14     | Found a shimmering altar of Xom.
 37338 | D:14     | Reached XP level 15. HP: 95/96 MP: 31/31
 37378 | D:14     | Found a shimmering altar of Xom.
 37587 | D:14     | Found a shimmering altar of Xom.
 37587 | D:14     | Found a shimmering altar of Xom.
 37638 | D:14     | Found a shimmering blue altar of Sif Muna.
 38162 | D:14     | Found a runed translucent door.
 38300 | D:14     | Noticed a frost giant
 38302 | D:14     | Found a runed translucent door.
 38338 | D:15     | Entered Level 15 of the Dungeon
 38358 | D:15     | Offered knowledge of Ozocubu's Refrigeration by Vehumet.
 39027 | D:15     | Reached skill level 10 in Armour
 39214 | D:15     | Found a staircase to the Depths.
 39308 | D:15     | Noticed Turtleman12345's ghost (journeyman VSFi)
 40229 | D:15     | Found a runed translucent gate.
 40230 | D:15     | Found a runed translucent gate.
 40231 | D:15     | Found a runed translucent gate.
 40251 | D:15     | Reached skill level 15 in Conjurations
 40432 | D:15     | Found an ornate altar of the Wu Jian Council.
 41094 | Shoals:1 | Entered Level 1 of the Shoals
 41264 | Shoals:1 | Found a transporter.
 41642 | Shoals:1 | Offered knowledge of Lehudib's Crystal Spear by Vehumet.
 42083 | Shoals:1 | Found a transporter.
 42097 | Shoals:1 | Noticed Mosol's ghost (journeyman TrBr)
 42763 | Shoals:1 | Noticed a kraken
 42772 | Shoals:1 | HP: 3/96 [tentacle[a kraken] (21)]
 42772 | Shoals:1 | Slain by a tentacle

Illustrated notes

Levels and vault maps discovered:
D:1:      erik_arrival_cave_to_civilisation [erik_arrival_cave_to_temple],
          layout_basic, minivault_23, chequers_serial_rivers_large_a
D:2:      layout_loops_cross, elyvilon_altar_3, overflow_temple_1_default,
          kennysheep_generic_room_13
D:3:      layout_rooms, fedhas_altar_3, corexii_item_surrounded_by_moat,
          lemuel_tele_altar
D:4:      layout_cave_pools, nicolae_ossuary_entry_giza, portal_sewer_entry_d
D:5:      layout_loops_corners, overflow_temple_1_default,
          grunt_temple_overflow_gold_and_silver, makhleb_heckhound_becter
D:6:      kennysheep_steamy, layout_basic, minmay_temple_entry_drinking_statues,
          ebering_ghost_disaster_area, st_stairs_3, minmay_misc_feat_chi,
          minmay_ruffians, uniq_grinder
D:7:      layout_basic, basic_altar
D:8:      layout_cave_pools, chequers_serial_rivers_micro_e,
          minmay_misc_feat_cross
D:9:      layout_layer_cave, old_standard_altar, serial_shops, shop, shop, shop,
          shop_fountains, basic_altar, uniq_maggie
D:10:     layout_stronghold, david_lair_shrubbed, billiards_dpeg
D:11:     layout_basic, grunt_qazlal_sundering
D:12:     layout_irregular_city, david_orc_4, nicolae_ru_sacrificial_ziggurat
D:13:     layout_basic, grunt_vaults_entry_fortified, basic_altar,
          nicolae_dithmenos_shadow_blocks, uniq_frances, uniq_erolcha
D:14:     minmay_expanding_circles, layout_loops_ring, xom_redecorated,
          lemuel_blue_sif_altar
D:15:     grunt_enter_depths_magical_seal, layout_long_grid,
          maelrawn_ghost_gauntlet_escape, serial_rivers,
          chequers_serial_rivers_micro_b, chequers_serial_rivers_small_b,
          chequers_serial_rivers_large_b, chequers_serial_rivers_micro_b,
          chequers_serial_rivers_micro_a, chequers_serial_rivers_room_a,
          lemuel_centaur_altar
Temple:   regret_index_temple_generic_petals
Lair:1:   layout_regular_city
Lair:2:   layout_big_grid, serial_bayou_shore_b
Lair:3:   layout_cave_pods, minmay_shoals_entry_hut, spider_nest_entry_webs
Lair:4:   layout_hall_layers, grunt_megastairs_4
Lair:5:   layout_cave_shapes, portal_ice_cave_entry_pillars_1,
          minmay_lair_oklob_items
Lair:6:   cheibrodos_lair_end_hotspot, layout_loops_ring, slime_altar_2,
          st_stairs_8
Shoals:1: layout_shoals, gammafunk_ghost_berserking_beasts,
          nicolae_shoals_circle_sea_wall
Orc:1:    layout_diamond_mine, uniq_jorgrun
Orc:2:    st_orc_pillars, layout_caves

Skill      XL: |  1  2  3  4  5  6  7  8  9 10 11 12 13 14 15 |
---------------+----------------------------------------------+-----
Spellcasting   | 4 5 6 7 10 13 | 13.4
Fighting       | 1 2 3 5 6 7 9 10 11 12 | 12.0
Ice Magic      | 5 6 7 9 10 12 | 12.0
Armour         | 1 2 3 5 6 7 8 9 10 | 10.8
Summonings     | 1 3 5 |  5.0
Conjurations   | 5 8 11 12 14 15 | 15.0
Earth Magic    | 1 4 7 8 |  8.0
Dodging        | |  2.4
Stealth        | |  2.4

Action                   |  1- 3 |  4- 6 |  7- 9 | 10-12 | 13-15 || total
-------------------------+-------+-------+-------+-------+-------++-------
Melee: Spear             |   117 |   112 |   202 |   315 |   393 ||  1139
       Dagger            |       |    57 |   253 |   114 |       ||   424
 Cast: Freeze            |    44 |    17 |    45 |    95 |    25 ||   226
       Frozen Ramparts   |     1 |    19 |    33 |    78 |    25 ||   156
       Ozocubu's Armour  |       |     1 |     7 |     3 |     1 ||    12
       Summon Ice Beast  |       |       |    14 |    61 |    43 ||   118
       Hailstorm         |       |       |     6 |     8 |    18 ||    32
       Searing Ray       |       |       |       |    13 |     6 ||    19
       Orb of Destructio |       |       |       |     9 |   149 ||   158
       Iron Shot         |       |       |       |       |   162 ||   162
       Freezing Cloud    |       |       |       |       |     5 ||     5
Evoke: Condenser vane    |       |       |       |     1 |     4 ||     5
       Wand              |       |       |       |     1 |       ||     1
  Use: Scroll            |       |     7 |     9 |    18 |    12 ||    46
       Potion            |       |     1 |     2 |     4 |    12 ||    19
 Stab: Sleeping          |     5 |     5 |     4 |    13 |     4 ||    31
       Distracted        |       |       |     1 |     2 |     2 ||     5
       Paralysed         |       |       |       |     3 |       ||     3
Armor: Robe              |    39 |    57 |   176 |     1 |       ||   273
       Steam dragon scal |       |       |    83 |   230 |   168 ||   481
       Acid dragon scale |       |       |       |       |    63 ||    63
Dodge: Dodged            |    96 |   111 |   319 |   355 |   319 ||  1200

Table legend: (Time is in decaauts)
 A = Elapsed time spent in this place.
 B = Non-inter-level travel time spent in this place.
 C = Inter-level travel time spent in this place.
 D = Time resting spent in this place.
 E = Time spent auto-exploring this place.
 F = Levels seen in this place.
 G = Mean time per level.
                   A        B        C        D        E       F      G
               +--------+--------+--------+--------+--------+-----+--------+
         Total |  43029 |  40981 |   2048 |   3765 |  30697 |  28 | 1536.8 |
       Dungeon |  25810 |  24361 |   1449 |   2151 |  18360 |  15 | 1720.7 |
        Temple |    211 |    189 |     22 |      0 |    186 |   1 |  211.0 |
          Lair |   8936 |   8509 |    427 |    298 |   7286 |   6 | 1489.3 |
        Shoals |   1693 |   1693 |      0 |    398 |   1067 |   1 | 1693.0 |
  Orcish Mines |   4800 |   4651 |    149 |    592 |   3132 |   2 | 2400.0 |
         Sewer |    210 |    210 |      0 |      0 |    170 |   1 |  210.0 |
       Ossuary |    728 |    728 |      0 |      0 |    362 |   1 |  728.0 |
      Ice Cave |    637 |    637 |      0 |    326 |    133 |   1 |  637.0 |
               +--------+--------+--------+--------+--------+-----+--------+

Top non-repeatable levels by time:
   Orc:2: 3440 daAuts
    D:12: 3280 daAuts
    D:13: 2770 daAuts
    D:10: 2539 daAuts
    D:14: 2421 daAuts
  Lair:6: 2321 daAuts
    D:15: 2030 daAuts
     D:9: 1918 daAuts
     D:2: 1857 daAuts
  Lair:1: 1698 daAuts
Shoals:1: 1693 daAuts
  Lair:3: 1629 daAuts
     D:6: 1599 daAuts
  Lair:5: 1501 daAuts
     D:5: 1426 daAuts
